AoeStats
← bananin.cxs

Lombardia

509002387Analyzed
2v2 RM · 9d ago on Sep 25, 2026· 69m 4s· 4 players
Game mode
Random Map
Map size
Medium (4 player)
Population
200
Speed
Normal
Resources
Standard
Victory
Conquest
Starting age
Dark Age
Ending age
Imperial Age
RankedLock teamsTeams togetherTeam positionsShared explorationLock speedFull tech treeHidden civsTurbo modeCheats
Victory
Defeat
🇨🇱 Lithuanians · Chile
1140
+12
🇨🇱 Spanish · Chile
952
+19
🇵🇪 Japanese · Peru
1079
-17
🇵🇪 Vietnamese · Peru
997
-14
SrMevliz
4:56 Loom
9:22 Feudal Age
10:19 Double-Bit Axe
16:09 Padded Archer Armor
16:50 Fletching
22:48 Castle Age
20:43 Horse Collar
23:44 Bow Saw
23:17 Elite Skirmisher
24:32 Gold Mining
25:18 Stone Mining
25:51 Bodkin Arrow
27:26 Wheelbarrow
27:43 Leather Archer Armor
30:06 Hand Cart
30:53 Heavy Plow
32:55 Ballistics
36:31 Imperial Age
36:13 Thumb Ring
38:18 Chemistry
36:54 Imperial Skirmisher
37:37 Bracer
38:07 Ring Archer Armor
38:59 Crop Rotation
39:33 Two-Man Saw
63:46 Squires
63:08 Pikeman
64:23 Halberdier
LUISELWUEBAS
11:12 Feudal Age
10:45 Loom
17:55 Double-Bit Axe
18:34 Man-at-Arms
23:18 Castle Age
22:01 Scale Mail Armor
22:18 Horse Collar
22:59 Gold Mining
26:28 Pikeman
29:01 Squires
32:00 Forging
32:06 Chain Mail Armor
36:31 Iron Casting
40:03 Wheelbarrow
43:52 Imperial Age
42:22 Town Watch
44:39 Halberdier
47:13 Blast Furnace
46:44 Plate Mail Armor
51:24 Elite Samurai
59:05 Gold Shaft Mining
59:20 Arson
59:59 Conscription
66:03 Heavy Plow
68:45 Hand Cart
franquitochile
5:55 Loom
10:19 Feudal Age
11:00 Feudal Age
16:46 Castle Age
15:22 Stone Mining
16:14 Double-Bit Axe
16:11 Horse Collar
16:24 Gold Mining
16:31 Fletching
16:44 Padded Archer Armor
24:14 Leather Archer Armor
25:31 Bodkin Arrow
26:02 Heavy Plow
29:04 Wheelbarrow
29:02 Bloodlines
28:52 Husbandry
29:33 Bow Saw
34:35 Imperial Age
36:11 Hand Cart
36:19 Forging
36:14 Scale Barding Armor
36:40 Ring Archer Armor
41:03 Chemistry
39:59 Murder Holes
40:25 Ballistics
39:34 Cavalier
40:50 Iron Casting
42:01 Two-Man Saw
43:06 Conscription
43:23 Hoardings
44:32 Chain Barding Armor
45:13 Blast Furnace
46:37 Caravan
50:54 Light Cavalry
52:14 Plate Barding Armor
51:34 Paladin
53:09 Thumb Ring
52:24 Elite Skirmisher
58:01 Town Watch
58:17 Scale Mail Armor
58:17 Bracer
63:21 Block Printing
63:42 Chain Mail Armor
64:36 Guilds
bananin.cxs
6:33 Loom
8:50 Feudal Age
10:04 Double-Bit Axe
14:03 Horse Collar
18:57 Bloodlines
20:45 Fletching
25:17 Castle Age
26:02 Scale Barding Armor
26:08 Forging
25:27 Light Cavalry
26:28 Stone Mining
27:50 Town Watch
28:49 Wheelbarrow
28:15 Gold Mining
28:52 Bow Saw
28:44 Heavy Plow
32:45 Husbandry
39:11 Imperial Age
37:22 Hand Cart
37:38 Bodkin Arrow
38:03 Chain Barding Armor
37:45 Padded Archer Armor
40:12 Bracer
40:32 Leather Archer Armor
42:33 Stone Shaft Mining
43:08 Chemistry
42:33 Conscription
42:10 Winged Hussar
43:28 Plate Barding Armor
43:28 Iron Casting
43:25 Ring Archer Armor
43:03 Town Patrol
43:33 Tower Shields
42:57 Elite Skirmisher
44:21 Onager
45:54 Masonry
49:45 Scale Mail Armor
49:40 Cavalier
50:41 Fervor
52:32 Paladin
54:08 Chain Mail Armor
63:49 Ballistics
64:00 Architecture
63:35 Caravan
Connection lost

Rejoining the realm…

Still unreachable

The connection could not be restored.

Session expired

The server has moved on; the page needs a fresh start.